 Dungeon Crawl Stone Soup version 0.30-a0-782-ge64f9170bb (webtiles) character file.

Game seed: 2279645256234676845

67 mopl the Magician (level 4, 0/27 HPs)
             Began as an Octopode Hedge Wizard on Mar 7, 2023.
             Succumbed to Robin's poison
             ... on level 1 of the Dungeon.
             The game lasted 00:03:05 (1321 turns).

mopl the Magician (Octopode Hedge Wizard)           Turns: 1321, Time: 00:03:06

Health: 0/27       AC:  1    Str:  9    XL:     4   Next: 18%
Magic:  5/9        EV: 13    Int: 18    God:
Gold:   44         SH:  0    Dex: 11    Spells: 3/10 levels left

rFire   . . .      SeeInvis .    a - +0 dagger
rCold   . . .      Faith    .    (no shield)
rNeg    . . .      Spirit   .    b - +0 hat
rPois   .          Reflect  .    (no amulet)
rElec   .          Harm     .    (no ring)
rCorr   .          Rampage  .    (no ring)
Will    .....                    (no ring)
Stlth   +++                      (no ring)
HPRegen 0.24/turn                (no ring)
MPRegen 0.11/turn                (no ring)
                                 (no ring)
                                 (no ring)

@: brilliant, lethally poisoned (0 -> -6)
A: almost no armour, amphibious, 8 rings, camouflage 1, gelatinous body 1,
(nimble swimmer 1), tentacles
a: no special abilities


You were on level 1 of the Dungeon.
You visited 1 branch of the dungeon, and saw 2 of its levels.

You collected 44 gold pieces.

Inventory:

Hand Weapons
 a - a +0 dagger (weapon)
Armour
 b - a +0 hat (worn)
Scrolls
 d - a scroll of magic mapping {unknown}
 f - 2 scrolls of teleportation {unknown}
 j - a scroll of poison {unknown}
 k - a scroll of immolation {unknown}
 l - 2 scrolls of identify {unknown}
Potions
 c - a potion of magic
 e - a potion of degeneration {unknown}
 g - a potion of brilliance
 h - a potion of haste {unknown}
 i - a potion of invisibility


   Skills:
 - Level 2.0 Dodging
 - Level 2.6 Stealth
 + Level 3.6 Spellcasting
 + Level 2.2 Conjurations
 - Level 1.0 Summonings
 + Level 2.3 Translocations
 + Level 0.1 Poison Magic


You had 3 spell levels left.
You knew the following spells:

 Your Spells              Type           Power      Damage    Failure   Level
a - Magic Dart            Conj           68%        1d6       6%          1
e - Blink                 Tloc           34%        N/A       9%          2
o - Olgreb's Toxic Radia  Pois           5%         N/A       82%         4

Your spell library contained the following spells:

 Spells                   Type           Power      Damage    Failure   Level
 Kiss of Death            Conj/Necr      40%        2d8       10%         1
 Slow                     Hex            16%        N/A       16%         1
 Sting                    Tmut/Pois      20%        1d4       16%         1
 Call Imp                 Summ           10%        N/A       16%         2
 Cigotuvi's Dreadful Rot  Necr/Pois/Air  10%        N/A       22%         2
 Poisonous Vapours        Pois/Air       10%        N/A       22%         2
 Portal Projectile        Hex/Tloc       22%        N/A       28%         3
 Call Canine Familiar     Summ           10%        N/A       30%         3
 Mephitic Cloud           Conj/Pois/Air  9%         N/A       32%         3
 Leda's Liquefaction      Hex/Erth       2%         N/A       83%         4


Dungeon Overview and Level Annotations

Branches:
Dungeon (2/15)

Altars:

Shops:
D:1 [

Annotations:
D:2 Robin


Innate Abilities, Weirdness & Mutations

You cannot wear most types of armour.
You are amphibious.
You can wear up to eight rings at the same time.
Your skin changes colour to match your surroundings (Stealth+).
Your rubbery body absorbs attacks. (AC +1, EV +1)
((You are camouflaged when in or above water. (Stealth+)))
You have tentacles for arms and can constrict up to eight enemies at once.


Message History

There is a stone staircase leading down here.
The hobgoblin goes into a battle-frenzy!
There is a stone staircase leading up here.
You climb upwards.
Reactivating autopickup.
There is a stone staircase leading down here.
You start resting.
Magic restored.
You climb downwards.
Level annotation: Robin
There is a stone staircase leading up here.
The magic dart hits the hobgoblin.
The hobgoblin is lightly wounded.
The magic dart hits the hobgoblin.
The hobgoblin is almost dead.
The hobgoblin closely misses you.
The magic dart hits the hobgoblin but does no damage.
The hobgoblin is almost dead.
Something hits you.
You are poisoned.
Deactivating autopickup; reactivate with Ctrl-A.
The hobgoblin barely misses you.
The magic dart hits the hobgoblin but does no damage.
The hobgoblin is almost dead.
You feel sick. Something hits you.
You are more poisoned.
The hobgoblin attacks as you move away! The hobgoblin hits you.
You feel very sick.
There is a stone staircase leading up here.
* * * LOW HITPOINT WARNING * * *
You feel very sick. The hobgoblin closely misses you.
You climb upwards.
Reactivating autopickup.
* * * LOW HITPOINT WARNING * * *
You feel very sick.
There is a stone staircase leading down here.
It was a potion of brilliance.
You feel clever all of a sudden.
You die...

..##.#####......######
..##.#......#'##.....#
####.#......#.##.###.#
..##.######'#..#.#.#.##
...#...†..............#
≈..######.....#..###..#
....# #........#....#
....# #.....##g#.##.#
.#..# #.######@#.##.#
#...# #.# ###....#
....# ##.# ###### §§..#
##..# ≈≈≈.###..##
....#...## ......###
#....## .#...#


You could see a hobgoblin (strong).

Vanquished Creatures
  An adder (D:2)
  3 dart slugs
  3 endoplasms (D:2)
  2 giant cockroaches (D:1)
  7 hobgoblins
  3 jackals (D:1)
  3 ball pythons
  4 bats
  A frilled lizard (D:1)
  12 goblins
  4 kobolds
  5 rats
48 creatures vanquished.

Notes
Turn   | Place    | Note
-------+----------+-------------------------------------------
     0 | D:1      | mopl the Octopode Hedge Wizard began the quest for the Orb.
     0 | D:1      | Reached XP level 1. HP: 11/11 MP: 4/4
    77 | D:1      | Found Xaffujes's Armour Boutique.
    99 | D:1      | Reached XP level 2. HP: 17/17 MP: 3/6
   275 | D:1      | Learned a level 2 spell: Blink
   294 | D:1      | Found a faded altar of an unknown god.
   303 | D:1      | Got Plato's Teachings on Abhorrent Acts
   593 | D:1      | Reached XP level 3. HP: 4/21 MP: 4/7
   757 | D:2      | Reached skill level 2 in Translocations
   766 | D:2      | Reached skill level 2 in Conjurations
  1016 | D:2      | Noticed Robin
  1062 | D:2      | Reached XP level 4. HP: 27/27 MP: 1/9
  1134 | D:2      | Learned a level 4 spell: Olgreb's Toxic Radiance
  1321 | D:1      | Succumbed to Robin's poison

Illustrated notes

Levels and vault maps discovered:
D:1:      minmay_arrival_radiant_lines, layout_basic,
          shapermc_ecumenical_altar_rom_forum, serial_shops, shop_statue
D:2:      layout_rooms, kennysheep_minor_cross, minmay_pentomino_v4, uniq_robin

Skill      XL: |  1  2  3 |
---------------+----------+-----
Translocations | 2 |  2.3
Conjurations   | 2 |  2.2
Dodging        | |  2.0
Stealth        | |  2.6
Spellcasting   | |  3.6
Summonings     | |  1.0
Poison Magic   | |  0.1

Action                     |  1- 3 |  4- 6 || total
---------------------------+-------+-------++-------
  Melee: Dagger            |    80 |    23 ||   103
         Constrict         |    24 |     5 ||    29
         Tentacles         |    15 |     4 ||    19
         Punch             |     2 |       ||     2
   Cast: Magic Dart        |    22 |    10 ||    32
    Use: Potion            |       |     1 ||     1
   Stab: Sleeping          |     3 |       ||     3
 Armour: Skin              |    14 |     3 ||    17
  Dodge: Dodged            |    63 |    19 ||    82

Table legend: (Time is in decaauts)
 A = Elapsed time spent in this place.
 B = Non-inter-level travel time spent in this place.
 C = Inter-level travel time spent in this place.
 D = Time resting spent in this place.
 E = Time spent auto-exploring this place.
 F = Levels seen in this place.
 G = Mean time per level.
                   A        B        C        D        E       F      G
               +--------+--------+--------+--------+--------+-----+--------+
         Total |   1323 |   1264 |     59 |    202 |    674 |   2 |  661.5 |
       Dungeon |   1323 |   1264 |     59 |    202 |    674 |   2 |  661.5 |
               +--------+--------+--------+--------+--------+-----+--------+

Top non-repeatable levels by time:
     D:1: 766 daAuts
     D:2: 557 daAuts
